 Dungeon Crawl Stone Soup version 0.30.0-19-g36f170ea60 (webtiles) character file.

Game seed: 15190557693197660816

995 Peloso the Slasher (level 7, 0/63 HPs)
             Began as a Minotaur Fighter on May 26, 2023.
             Shot with a bolt by an orc warrior (11 damage)
             ... in a bailey.
             The game lasted 00:07:46 (4136 turns).

Peloso the Slasher (Minotaur Fighter)               Turns: 4136, Time: 00:07:47

Health: 0/63       AC: 10    Str: 20      XL:     7   Next: 99%
Magic:  5/5        EV: 10    Int:  4 (5)  God:
Gold:   315        SH:  5    Dex: 11 (12) Spells: 6/6 levels left

rFire   . . .        a - +0 long sword
rCold   . . .        c - +0 buckler
rNeg    . . .        b - +0 scale mail
rPois   +            (helmet unavailable)
rElec   .            i - scarf {+Inv}
rCorr   .            q - +2 pair of gloves of Cirefeh {rPois Will+ Dex-2}
SInv    .            (no boots)
Will    +....        (no amulet)
Stlth   +            (no ring)
HPRegen 0.30/turn    (no ring)
MPRegen 0.09/turn

%: no passive effects
@: unable to read
A: horns 3, retaliatory headbutt, thin skeletal structure 1, low MP 1, inability
to read after injury 1
a: Evoke Invisibility


You were in a bailey.
You visited 2 branches of the dungeon, and saw 6 of its levels.
You also visited: Bailey.

You collected 315 gold pieces.

Inventory:

Hand Weapons
 a - a +0 long sword (weapon)
Missiles
 h - a throwing net (quivered)
Armour
 b - a +0 scale mail (worn)
 c - a +0 buckler (worn)
 i - a scarf of invisibility (worn)
 q - the +2 pair of gloves of Cirefeh (worn) {rPois Will+ Dex-2}
   (You found it on level 4 of the Dungeon)

   Dex:       It affects your dexterity (-2).
   rPois:     It protects you from poison.
   Will:      It increases your willpower.
Wands
 s - a wand of mindburst (17)
Scrolls
 e - 5 scrolls of identify
 f - 3 scrolls of fog
 l - 2 scrolls of teleportation
 o - a scroll of amnesia {unknown}
Potions
 d - 2 potions of might
 g - a potion of heal wounds
 j - a potion of magic
 k - a potion of mutation


   Skills:
 + Level 6.1 Fighting
 + Level 7.7 Long Blades
 + Level 6.2 Armour
 + Level 2.0 Dodging
 + Level 0.3 Stealth
 + Level 4.7 Shields


You had 6 spell levels left.
You didn't know any spells.
Your spell library contained the following spells:

 Spells                   Type           Power      Damage    Failure   Level
 Poisonous Vapours        Pois/Air       0%         N/A       95%         2
 Mephitic Cloud           Conj/Pois/Air  0%         N/A       99%         3
 Tukima's Dance           Hex            0%         N/A       99%         3
 Passage of Golubria      Tloc           0%         N/A       100%        4
 Freezing Cloud           Conj/Ice/Air   0%         6-21      100%        5
 Yara's Violent Unravell  Hex/Tmut       0%         3d3       100%        5


Dungeon Overview and Level Annotations

Branches:
Dungeon (7/15)             Temple (1/1) D:4          Bailey (1/1)

Altars:
Ashenzari
Cheibriados
Elyvilon
Fedhas
Gozag
Hepliaklqana
Kikubaaqudgha
Makhleb
Nemelex Xobeh
Ru
Sif Muna
Trog
Wu Jian
Zin


Innate Abilities, Weirdness & Mutations

You have a pair of large horns on your head.
You reflexively headbutt those who attack you in melee.
You have a somewhat thin skeletal structure. (Dex +2, Stealth+)
Your magical capacity is low. (-10% MP)
You occasionally lose the ability to read scrolls when taking damage.


Message History

The bolt hits you!
You feel threatened and lose the ability to read scrolls!
* * * LOW HITPOINT WARNING * * *
The orc warrior shoots a bolt.
The bolt barely misses you.
You closely miss the orc. Your headbutt misses the orc.
The orc unwields a +0 arbalest.
The orc hits you but does no damage.
The orc warrior shoots a bolt.
The bolt hits you.
* * * LOW HITPOINT WARNING * * *
Unknown command.
You cannot read scrolls in your current state!
Unknown command.
You closely miss the orc. You headbutt the orc.
The orc is heavily wounded.
The orc warrior shoots a bolt.
You block the bolt. The orc hits you but does no damage.
Unknown command.
You feel much better.
The orc warrior shoots a bolt.
The bolt hits you! The orc hits you but does no damage.
You barely miss the orc.
The orc is heavily wounded.
The orc warrior shoots a bolt.
The bolt misses you. The orc hits you but does no damage.
Unknown command.
You barely miss the orc.
The orc is heavily wounded.
The orc warrior shoots a bolt.
The bolt hits you!
* * * LOW HITPOINT WARNING * * *
You block the orc's attack.
Unknown command.
You hit the orc.
The orc is almost dead.
The orc warrior shoots a bolt.
The bolt hits you but does no damage. The orc hits you.
* * * LOW HITPOINT WARNING * * *
The orc warrior shoots a bolt.
The bolt hits you.
* * * LOW HITPOINT WARNING * * *
You barely miss the orc.
The orc is almost dead.
The orc misses you.
The orc warrior shoots a bolt.
The bolt hits you!
You die...

#.............#
#............#
#............#
#............#
#............#
#............##
#.............#
#.............#
#......@o......#
#......≈≈.≈≈≈...
#.....≈≈#o##≈...
#.....≈##oo#≈...
#.....≈#.o......
#.....≈##.##≈.
#.....≈≈# # ≈..
#......≈≈≈ ..
#..........


You could see 3 orc warriors and an orc.

Vanquished Creatures
  2 water moccasins (D:7)
  An orc warrior (Bailey)
  A black bear (D:4)
  An ogre (D:4)
  A centaur (D:7)
  2 hounds
  A jelly (D:4)
  An orc priest (D:4)
  Jessica (D:2)
  Ijyb (D:4)
  An iguana (D:4)
  An orc wizard (D:3)
  9 gnolls
  2 adders
  2 worms (D:4)
  3 dart slugs
  15 orcs
  4 endoplasms
  3 giant cockroaches
  6 goblins
  8 hobgoblins
  3 jackals (D:1)
  8 kobolds
  8 quokkas
  6 ball pythons
  3 bats
  5 frilled lizards
  6 rats
105 creatures vanquished.

Notes
Turn   | Place    | Note
-------+----------+-------------------------------------------
     0 | D:1      | Peloso the Minotaur Fighter began the quest for the Orb.
     0 | D:1      | Reached XP level 1. HP: 19/19 MP: 0/0
   216 | D:1      | Reached XP level 2. HP: 27/27 MP: 1/1
   325 | D:1      | Reached skill level 3 in Long Blades
   370 | D:1      | Found a faded altar of an unknown god.
   632 | D:2      | Reached XP level 3. HP: 33/33 MP: 2/2
   730 | D:2      | Reached XP level 4. HP: 22/40 MP: 3/3
   743 | D:2      | Noticed Jessica
  1003 | D:2      | Killed Jessica
  1004 | D:2      | Reached skill level 4 in Long Blades
  1065 | D:2      | Reached skill level 5 in Armour
  1127 | D:2      | Reached XP level 5. HP: 46/46 MP: 4/4
  1833 | D:3      | Reached skill level 5 in Long Blades
  2036 | D:3      | Found a burning altar of Makhleb.
  2036 | D:3      | Noticed an Executioner
  2042 | D:3      | Noticed a neqoxec
  2042 | D:3      | Noticed a neqoxec
  2213 | D:4      | Reached XP level 6. HP: 39/53 MP: 5/5
  2383 | D:4      | Reached skill level 6 in Long Blades
  2747 | D:4      | Reached skill level 1 in Dodging
  2754 | D:4      | Identified the +2 pair of gloves of Cirefeh {rPois Will+
                  | Dex-2}
  2761 | D:4      | Reached skill level 5 in Fighting
  2785 | D:4      | Reached XP level 7. HP: 44/61 MP: 6/6
  2941 | D:4      | Found a staircase to the Ecumenical Temple.
  2966 | Temple   | Entered the Ecumenical Temple
  3032 | D:4      | Noticed Ijyb
  3042 | D:4      | Killed Ijyb
  3211 | D:4      | You fall into a shaft and drop 3 floors!
  3258 | D:7      | Reached skill level 7 in Long Blades
  3259 | D:7      | Gained mutation: You have a somewhat thin skeletal
                  | structure. (Dex +2, Stealth+) [potion of mutation]
  3259 | D:7      | Gained mutation: You occasionally lose the ability to read
                  | scrolls when taking damage. [potion of mutation]
  3259 | D:7      | Gained mutation: Your magical capacity is low. (-10% MP)
                  | [potion of mutation]
  3259 | D:7      | Gained mutation: You have a pair of large horns on your
                  | head. [potion of mutation]
  3262 | D:7      | HP: 2/61 [poisoned by a water moccasin]
  3536 | D:7      | Found a flagged portal.
  3639 | Bailey   | Entered a bailey
  4136 | Bailey   | Shot with a bolt by an orc warrior

Illustrated notes

Levels and vault maps discovered:
D:1:      dpeg_arrival_simpleton_b, layout_basic,
          hellmonk_ecumenical_altar_pennies_from_heaven,
          minmay_misc_feat_diagonals
D:2:      layout_rooms, minmay_small_reverse_x, uniq_jessica
D:3:      layout_basic, makhleb_altar_promises_db
D:4:      layout_loops_ring, minmay_temple_entry_ruins, minmay_starry_boxes,
          uniq_ijyb
D:7:      layout_loops_corners, enter_bailey_4, kennysheep_generic_room_12
Temple:   cyrus_circular_temple
Bailey:   bailey_polearm_2, bailey

Skill      XL: |  1  2  3  4  5  6  7 |
---------------+----------------------+-----
Long Blades    | 3 4 5 6 7 |  7.7
Fighting       | 4 5 6 |  6.1
Shields        | 4 |  4.7
Armour         | 4 5 6 |  6.2
Dodging        | 1 2 |  2.0
Stealth        | |  0.3

Action                     |  1- 3 |  4- 6 |  7- 9 || total
---------------------------+-------+-------+-------++-------
  Melee: Long sword        |    55 |   148 |    67 ||   270
         Headbutt          |     8 |    28 |    12 ||    48
    Use: Potion            |     2 |       |     6 ||     8
         Scroll            |       |       |     5 ||     5
 Armour: Scale mail        |    29 |    61 |    44 ||   134
  Dodge: Dodged            |    26 |    66 |    66 ||   158
  Block: Buckler           |     6 |    27 |    39 ||    72
